 Dungeon Crawl Stone Soup version 0.17-a0-737-gf0a300a (webtiles) character file.

40 Marien the Ruffian (level 3, -1/33 HPs)
             Began as a Centaur Monk on Apr 26, 2015.
             Slain by a gnoll
             ... wielding a +0 spear
              (3 damage)
             ... on level 2 of the Dungeon.
             The game lasted 00:05:35 (1909 turns).

Marien the Ruffian (Centaur Monk)                   Turns: 1909, Time: 00:05:36

Health: -1/33      AC:  4    Str: 13    XL:     3   Next: 30%
Magic:  3/3        EV: 10    Int:  9    God:
Gold:   41         SH:  0    Dex: 12    Spells: 0 memorised, 2 levels left

rFire  . . .     SeeInvis .     n - +1 whip (venom)
rCold  . . .     Clarity  .     a - +0 robe
rNeg   . . .     SustAb   .     (no shield)
rPois  .         Gourm    .     (no helmet)
rElec  .         Spirit   .     (no cloak)
rCorr  .         Warding  .     (no gloves)
rMut   .         Stasis   .     (no barding)
MR     .....                    (no amulet)
Stlth  +.........               (no ring)
                                (no ring)

@: very quick, not resistant to hostile enchantments, very unstealthy
A: hooves 3, deformed body, speed 2, tough skin 3
a: no special abilities


You were on level 2 of the Dungeon.
You were not hungry.

You visited 1 branch of the dungeon, and saw 2 of its levels.

You collected 41 gold pieces.

Inventory:

Hand weapons
 n - a +1 whip of venom (weapon)
Missiles
 r - 4 tomahawks (quivered)
Armour
 a - a +0 robe (worn)
Jewellery
 l - an uncursed amulet of resist corrosion {unknown}
 o - an uncursed amulet of faith {unknown}
 p - an uncursed ring of see invisible {unknown}
Magical devices
 q - a wand of digging (10)
Scrolls
 c - 2 scrolls of random uselessness {unknown}
 e - 2 scrolls of remove curse {unknown}
 f - 5 scrolls of identify {unknown}
 h - a scroll of magic mapping {unknown}
 j - a scroll of enchant weapon {unknown}
 m - a scroll of enchant armour {unknown}
Potions
 d - a potion of resistance {unknown}
 g - a potion of flight {unknown}
 i - 2 potions of curing {unknown}
 k - 2 potions of haste {unknown}
Comestibles
 b - a bread ration


   Skills:
 + Level 4.0 Fighting
 + Level 2.2 Throwing
 - Level 2.1 Dodging
 - Level 1.2 Stealth
 - Level 4.0 Unarmed Combat


You had 2 spell levels left.
You didn't know any spells.

Dungeon Overview and Level Annotations

Branches:
Dungeon (2/15)

Altars:


Innate Abilities, Weirdness & Mutations

You have hooves in place of feet.
Armour fits poorly on your strangely shaped body.
You cover ground very quickly.
You have extremely tough skin (AC +3).


Message History

The gnoll hits you. The gnoll barely misses you.
You are starving!
You kill the gnoll!
Your Fighting skill increases to level 4!
Your Throwing skill increases to level 2!
Eat which item? (? for menu, Esc to quit)
The gnoll hits you from afar with a spear.
You continue eating.
The gnoll hits you from afar with a spear.
You continue eating.
The gnoll hits you from afar with a spear!
* * * LOW HITPOINT WARNING * * *
You finish eating.
That bread ration really hit the spot!
You hit the gnoll.
The gnoll is poisoned.
The gnoll is moderately wounded.
The gnoll hits you with a spear.
* * * LOW HITPOINT WARNING * * *
The gnoll misses you.
The gnoll hits you from afar with a spear.
You die...

....'.....#
.####.....# .#
#.....# ## #.#####
#####.############
....#.##.........#
....#.##.........#
....#.##..(...g†.#
....#.#.[.......@#
#####.#..........#
.#....#..........#
.#.####..........#
.#.#.............#
.#....##.........#
.###.###.........#
##.#.# ###########
^..#.####


You could see a gnoll.

Vanquished Creatures
  A gnoll (D:2)
  An ooze (D:2)
  A worm (D:2)
  3 giant geckos
  A giant cockroach (D:2)
  A hobgoblin (D:2)
  3 kobolds (D:2)
  A bat (D:2)
  A giant newt (D:1)
  5 goblins
  3 rats
21 creatures vanquished.

Notes
Turn   | Place    | Note
--------------------------------------------------------------
     0 | D:1      | Marien, the Centaur Monk, began the quest for the Orb.
     0 | D:1      | Reached XP level 1. HP: 19/19 MP: 1/1
     9 | D:1      | Noticed a giant frog
   465 | D:2      | Reached XP level 2. HP: 26/26 MP: 2/2
   764 | D:2      | Reached skill level 1 in Throwing
  1857 | D:2      | Reached XP level 3. HP: 25/33 MP: 3/3
  1909 | D:2      | Slain by a gnoll

Action                   || total
-------------------------++-------
Melee: Unarmed           ||    42
       Whip              ||    10
Throw: Tomahawk          ||    16
  Eat: Bread ration      ||     1
